Cogmind - Beta 15 @@@ ROGUE MODE // 2025.05.27 @ 05:12:16 Player: CL-1C0 Result: Destroyed self with Subdweller Shrapnel Launcher Performance ------------- Evolutions (0) 0 Regions Visited (2) 400 Robots Destroyed (23) 115 Value Destroyed (703) 703 Prototype IDs (0) 0 Alien Tech Used (0) 0 Bonus (0) 0 TOTAL SCORE: 1218 Bonus ------- None Cogmind --------- Core Integrity 0/250 Matter 248/300 Energy 115/125 System Corruption 0% Temperature Cool (0) Movement Rolling (130) Ox2 Location -10/Subcaves Parts ------- > --- POWER (1) -------- Light Ion Engine > --- PROPULSION (2) --- Makeshift Leg Subdweller Monowheel > --- UTILITY (2) ------ High-capacity Storage Unit Makeshift Light Armor Plating > --- WEAPON (2) ------- Subdweller Shrapnel Launcher > --- INVENTORY (20) --- Makeshift Flight Unit Scrap Shield Grenade Launcher SUBCON Basin (Full) Peak State ------------ > --- POWER ------------ Light Ion Engine > --- PROPULSION ------- Makeshift Leg Subdweller Monowheel > --- UTILITY ---------- High-capacity Storage Unit Makeshift Light Armor Plating > --- WEAPON ----------- Subdweller Machine Gun Subdweller Machine Gun > --- INVENTORY -------- Makeshift Flight Unit Scrap Shield Grenade Launcher Subdweller Shrapnel Launcher SUBCON Basin [Rating: 35] Favorites ----------- Power Subdweller Power Source Engine Subdweller Power Source Propulsion Light Treads Treads Light Treads Leg Aluminum Leg Wheel Subdweller Monowheel Utility High-capacity Storage Unit Device Structural Scanner Storage High-capacity Storage Unit Protection Makeshift Light Armor Plating Weapon Assault Rifle Energy Gun Medium Laser Energy Cannon Subdweller Beam Cannon Ballistic Gun Assault Rifle Ballistic Cannon Battle Cannon Launcher Subdweller Shrapnel Launcher Build | -11 -10 -10 ------- Run | Yrd Mat Sub Slots Evolved . | . . . Power . | . . . Propulsion . | . . . Utility . | . . . Weapon . | . . . Parts Attached 20 | . 5 15 Power 4 | . 1 3 Engine 4 | . 1 3 Core . | . . . Reactor . | . . . Propulsion 5 | . 2 3 Treads 3 | . 2 1 Leg 1 | . . 1 Wheel 1 | . . 1 Hover . | . . . Flight . | . . . Utility 5 | . 1 4 Device 2 | . . 2 Storage 1 | . 1 . Processor . | . . . Hackware . | . . . Protection 2 | . . 2 Artifact . | . . . Weapon 6 | . 1 5 Energy Gun 1 | . 1 . Energy Cannon 1 | . . 1 Ballistic Gun 2 | . . 2 Ballistic Cannon 1 | . . 1 Launcher 1 | . . 1 Special Weapon . | . . . Impact Weapon . | . . . Slashing Weapon . | . . . Piercing Weapon . | . . . Special Melee Weapon . | . . . Unidentified Prototypes . | . . . Parts Lost 7 | . . 7 Power . | . . . Propulsion 3 | . . 3 Utility . | . . . Weapon 4 | . . 4 Highest Loss Streak 3 | . . 3 To Critical Strikes . | . . . Average Backups 14 | . 9 15 Power 2 | . 1 2 Propulsion 3 | . 3 2 Utility 2 | . . 3 Weapon 5 | . 2 6 Tool/Special . | . . . Unused Backups 16 | . . 16 Power 1 | . . 1 Propulsion 3 | . . 3 Utility 2 | . . 2 Weapon 9 | . . 9 Tool/Special 1 | . . 1 Average Slot Usage (%) 90 | . 84 92 Engine 14 | . 14 14 Treads 17 | . 6 21 Leg 6 | . 21 1 Wheel 2 | . . 3 Device 8 | . . 11 Storage 14 | . 14 14 Protection 1 | . . 2 Energy Gun 4 | . 14 . Energy Cannon 5 | . . 7 Ballistic Gun 12 | . 14 11 Ballistic Cannon 2 | . . 3 Peak Build Rating 35 | . 7 35 Average Rating 11 | . 6 13 On Entrance 6 | 6 6 7 Naked Turns . | . . . Heaviest Build 58 | 14 54 58 Greatest Support 40 | 20 40 40 Greatest Overweight (x) 16 | . 16 2 Average Overweight (x) 1 | . 1 1 Largest Inventory Capacity 20 | . 20 20 Average Capacity 19 | . 18 20 Most Carried 20 | . 16 20 Average Carried 16 | . 9 18 Final Capacity 20 | 8 20 20 Final Carried 19 | 6 16 19 Class Distribution -------------------- 90% | Mutant 9% | Scavenger-Mutant Dominant Class ---------------- Mutant | -10/Materials Mutant | -10/Subcaves Resources | -11 -10 -10 ----------- Run | Yrd Mat Sub Matter Collected 584 | 200 162 222 Remotely . | . . . Salvage Created 708 | . 231 477 Parts 45 | . 16 29 Haulers Intercepted 1 | . 1 . Recyclers Shooed 4 | . 4 . Parts Field Recycled . | . . . Retrieved Matter . | . . . Parts Self-Destructed 8 | . . 8 Prevented . | . . . Kills | -11 -10 -10 ------- Run | Yrd Mat Sub Combat Hostiles Destroyed 21 | . 6 15 Guns 11 | . 6 5 Cannons 5 | . . 5 AOE 2 | . . 2 Classes Destroyed 5 | . 4 1 Hauler 1 | . 1 . Watcher 1 | . 1 . Swarmer 5 | . 3 2 Grunt 3 | . 3 . Subdweller 13 | . . 13 Best Kill Streak 3 | . 3 3 Combat Bots Only 3 | . 3 3 Max Kills in Single Turn 2 | . 1 2 Gunslinging . | . . . Exploded 2 | . . 2 Melee . | . . . Uniques/NPCs Destroyed . | . . . Combat | -11 -10 -10 -------- Run | Yrd Mat Sub Hostile Shots Fired 105 | . 22 83 Missed 23 | . 4 19 Hits 82 | . 18 64 Projectile 82 | . 18 64 AOE 2 | . . 2 Critical Strikes 4 | . 1 3 Damage Taken 1465 | . 200 1265 Core 270 | . 66 204 Absorbed by Shields . | . . . Core Remaining (%) 100 | 100 . . Volleys Fired 106 | . 33 73 Largest 2 | . 2 2 Hottest 80 | . 70 80 Shots Fired 157 | . 66 91 Gun 106 | . 66 40 Cannon 50 | . . 50 Launcher 1 | . . 1 Special . | . . . Kinetic 80 | . 33 47 Thermal 77 | . 33 44 Explosive . | . . . Electromagnetic . | . . . Robot Hit Streak 14 | . 8 14 Robot Miss Streak 3 | . 2 3 Penetration Max . | . . . Secondary Targets 2 | . . 2 Max Gunslinging Chain 1 | . . 1 Shots Hit Robots 94 | . 42 52 Core Hits 36 | . 17 19 Critical Kills 4 | . . 4 Critical Parts Destroyed . | . . . Critical Strikes 10 | . 3 7 Burn 5 | . 3 2 Meltdown 3 | . . 3 Destroy 2 | . . 2 Melee Attacks . | . . . Impact . | . . . Slashing . | . . . Piercing . | . . . Sneak Attacks . | . . . Combat Hostiles . | . . . Follow-up Attacks . | . . . Damage Inflicted 1755 | . 568 1187 Guns 1074 | . 541 533 Cannons 526 | . . 526 Explosions 128 | . . 128 Melee . | . . . Ramming 27 | . 27 . Kinetic 1054 | . 278 776 Thermal 674 | . 263 411 Explosive . | . . . Electromagnetic . | . . . Impact . | . . . Slashing . | . . . Piercing . | . . . Highest Corruption . | . . . Average Corruption . | . . . Corruption Purged . | . . . Corruption Blocked . | . . . Overload Shots . | . . . Overflow Damage . | . . . Projectiles . | . . . Explosions . | . . . Melee . | . . . Knockbacks 2 | . . 2 Impact . | . . . Kinetic 2 | . . 2 Secondary . | . . . Self-Inflicted Damage 45 | . . 45 Shots 1 | . . 1 Rammed 1 | . 1 . Targets Rammed 7 | . 7 . Kicked 6 | . 6 . Crushed . | . . . Highest Temperature 162 | . 162 24 Average Temperature 49 | . 55 8 Received Heat Transfer 303 | . 111 192 Siege Activations . | . . . Martial Activations . | . . . Shielding Activations . | . . . Robots Disrupted . | . . . Combat Hostiles . | . . . Robots Corrupted . | . . . Combat Hostiles . | . . . Parts Fried . | . . . Impact Corruptions . | . . . Robots Melted 3 | . . 3 Combat Hostiles 3 | . . 3 Parts Melted 9 | . 1 8 Heat Transferred 1813 | . 999 814 Parts Sabotaged . | . . . Parts Stolen . | . . . Parts Stripped . | . . . Power Chain Reactions . | . . . Alert | -11 -10 -10 ------- Run | Yrd Mat Sub Maximum Alert Level . | . . . Low Security (%) 100 | . 100 . Level 1 . | . . . Level 2 . | . . . Level 3 . | . . . Level 4 . | . . . Level 5 . | . . . High Security . | . . . Max Security . | . . . Peak Influence 68 | . 68 . Initial . | . . . Average 11 | . 11 . Influence Increases 286 | . 186 100 Destroy 0b10 Robot/C 160 | . 120 40 Destroy 0b10 Robot/NC 10 | . 10 . Destroy Leader 34 | . 34 . Successful Hack 7 | . 7 . Lose Combat Pursuer 75 | . 15 60 Influence Decreases 286 | . 186 100 Time Decay 256 | . 186 70 Lost Part 30 | . . 30 Squads Dispatched 1 | . 1 . Investigation . | . . . Extermination . | . . . Reinforcement 1 | . 1 . Assault . | . . . Garrison . | . . . Intercept . | . . . Searches Triggered . | . . . Construction Impeded . | . . . Haulers Reinforced . | . . . Active Scanning Responses . | . . . Cargo Convoy Interrupts . | . . . Stealth | -11 -10 -10 --------- Run | Yrd Mat Sub Distress Signals 2 | . 2 . Communications Jammed . | . . . Distress Signals . | . . . Times Spotted 30 | . 14 16 Peak Tracking Total 3 | . 3 3 Tactical Retreats 3 | . 1 2 Traps | -11 -10 -10 ------- Run | Yrd Mat Sub Traps Triggered 2 | . 2 . Indirectly . | . . . Trap Hack Attempts . | . . . Triggered . | . . . Disarmed . | . . . Reprogrammed . | . . . Reused . | . . . Traps Extracted . | . . . Installed . | . . . Triggered . | . . . Most Traps Carried 2 | . . 2 Machines | -11 -10 -10 ---------- Run | Yrd Mat Sub Machines Disabled . | . . . Max in Single Turn . | . . . Machines Repaired . | . . . Machines Dismantled . | . . . Machines Sabotaged . | . . . Overloaded Fab Kills . | . . . Hacking | -11 -10 -10 --------- Run | Yrd Mat Sub Machines Accessed 5 | . 2 3 Terminals 2 | . 2 . Fabricators . | . . . Repair Stations . | . . . Recycling Units . | . . . Scanalyzers . | . . . Garrison Access . | . . . Total Hacks 13 | . 6 7 Successful 10 | . 3 7 Failed 3 | . 3 . Catastrophic . | . . . Database Lockouts . | . . . Manual 1 | . 1 . Terminals 6 | . 6 . Fabricators . | . . . Repair Stations . | . . . Recycling Units . | . . . Scanalyzers . | . . . Garrison Access . | . . . Terminal Hacks 10 | . 3 7 Record 5 | . . 5 Open Door 1 | . . 1 Terminal Index 1 | . 1 . Registered Components 1 | . 1 . Zone Layout 1 | . 1 . Release Object 1 | . . 1 Fabricator Hacks . | . . . Repair Station Hacks . | . . . Recycling Unit Hacks . | . . . Scanalyzer . | . . . Garrison Access Hacks . | . . . Unauthorized Hacks . | . . . Terminals . | . . . Fabricators . | . . . Repair Stations . | . . . Recycling Units . | . . . Scanalyzers . | . . . Garrison Access . | . . . Data Cores Recovered . | . . . Used . | . . . Hacking Detections 2 | . 2 . Full Trace Events . | . . . Feedback Events . | . . . Feedback Blocked . | . . . Robot Schematics Acquired . | . . . Robots Built . | . . . Authchips . | . . . Time . | . . . Total Robot Build Rating . | . . . Part Schematics Acquired . | . . . Parts Built . | . . . Authchips . | . . . Time . | . . . Total Part Build Rating . | . . . Parts Repaired . | . . . Time . | . . . Parts Recycled . | . . . Recycled Matter . | . . . Retrieved Matter . | . . . Retrieved Components . | . . . Parts Scanalyzed . | . . . Part Schematics Acquired . | . . . Parts Damaged . | . . . Bothacking | -11 -10 -10 ------------ Run | Yrd Mat Sub Used RIF Installer . | . . . Robots Hacked . | . . . Non-combat . | . . . Combat . | . . . Robot Hacks Applied . | . . . Relay Couplers Released . | . . . Fabnet Peak Effective % . | . . . Robots Rewired . | . . . Allies Hacked . | . . . Hacks Repelled . | . . . Allies | -11 -10 -10 -------- Run | Yrd Mat Sub Total Allies . | . . . Largest Group . | . . . Highest-Rated Group . | . . . Highest-Rated Ally . | . . . Total Orders . | . . . Ally Attacks . | . . . Total Damage . | . . . Kills . | . . . Allies Corrupted . | . . . Allies Melted . | . . . Intel | -11 -10 -10 ------- Run | Yrd Mat Sub Active Infowar (turns) 2355 | . . 2355 Structural 2355 | . . 2355 Robot Analysis Total . | . . . Derelict Logs Recovered 1 | . . 1 Drone Launches . | . . . Drone Recoveries . | . . . Exploration | -11 -10 -10 ------------- Run | Yrd Mat Sub Turns Passed 3760 | . 977 2783 Spaces Moved 1554 | 1 343 1210 Core 1 | . 1 . Treads 872 | . 94 778 Legs 249 | 1 248 . Wheels 432 | . . 432 Hover . | . . . Flight . | . . . Fastest Speed 120 | 120 120 130 Average Speed 209 | 120 238 200 Slowest Speed 850 | 120 850 240 Overloaded Moves . | . . . Propulsion Burnouts . | . . . Robots Hopped . | . . . Potential Cave-ins 3 | . . 3 Cave-ins Triggered . | . . . Exploration Rate (%) 46 | 2 75 63 Regions Visited 2 Branch Regions 1 Pre-discovered Areas 1 | . . 1 Known Exits Taken . | . . . Unknown Exits Taken 2 | 1 1 . Scrap Searched 13 | . . 13 Spaces Dug 15 | . . 15 Terrain Destroyed 21 | . . 21 Melee . | . . . Projectile 19 | . . 19 AOE 2 | . . 2 Terrain Rammed . | . . . Walls Destroyed . | . . . Machines Disabled . | . . . Actions | -11 -10 -10 --------- Run | Yrd Mat Sub Total 1906 | . 422 1484 Wait 156 | . 18 138 Move 1552 | . 342 1210 Hop . | . . . Pick Up 32 | . 12 20 Fast Attach 9 | . 6 3 Attach 9 | . 2 7 Detach . | . . . Swap 5 | . . 5 Drop 30 | . 2 28 Fire 106 | . 33 73 Melee . | . . . Ram . | . . . Kick 6 | . 6 . Crush 1 | . 1 . Escape Stasis . | . . . Rewire . | . . . Trap . | . . . Miscellaneous . | . . . Route ------- -11/Scrapyard -10/Materials (discovered 4 exits: [*Mat x3] / *Sub) -10/Subcaves (discovered 2 exits: [*Mat x2]) History --------- Turn | Location | Event 1 | -11/Scrapyard | Discovered new exit (range 0) 1 | -11/Scrapyard | Entered Materials 178 | -10/Materials | Discovered new exit (range 10) 315 | -10/Materials | Build established: Mutant 434 | -10/Materials | Discovered new exit (range 9) 501 | -10/Materials | Derelicts attacked the area 653 | -10/Materials | Discovered new exit (range 9) 922 | -10/Materials | Discovered new exit (range 9) 978 | -10/Materials | Entered Subcaves 1284 | -10/Subcaves | Discovered new exit (range 16) 1443 | -10/Subcaves | Shifting Twisted Machinery released Sub. Power Source 1453 | -10/Subcaves | Shifting Twisted Machinery released Battle Cannon 2028 | -10/Subcaves | Disturbed a concealed Subdweller 2304 | -10/Subcaves | Ambushed by Subdweller buried in earth 2307 | -10/Subcaves | Ambushed by Subdweller buried in earth 2565 | -10/Subcaves | A swath of the cavern ceiling suddenly collapsed 2787 | -10/Subcaves | Discovered new exit (range 9) 2832 | -10/Subcaves | Visited Clippyterm 2839 | -10/Subcaves | Learned Factory garrison access intel 2839 | -10/Subcaves | Learned 40 Factory zone layouts 3134 | -10/Subcaves | Core integrity fell below 50% 3168 | -10/Subcaves | Lost 3 parts (2n1w) 3364 | -10/Subcaves | Shifting Twisted Machinery released Mak. System Restoration Module 3395 | -10/Subcaves | Disturbed a concealed Subdweller 3424 | -10/Subcaves | Build established: Scavenger-Mutant 3432 | -10/Subcaves | Shifting Twisted Machinery released Sub. Power Source 3456 | -10/Subcaves | Learned location of Storage (-9) 3495 | -10/Subcaves | Found SUBCON Basin 3718 | -10/Subcaves | A Subdweller sparked back to life 3718 | -10/Subcaves | A Subdweller sparked back to life 3745 | -10/Subcaves | Core integrity fell below 20% 3761 | -10/Subcaves | Destroyed self with Subdweller Shrapnel Launcher Last Messages --------------- 03484_ Dropped Structural Scanner. 03485_ Dropped Transport Network Coupler. 03486_ Dropped Piercing Trap. 03488_ Dropped Lgt. Ion Engine. 03495_ Acquired SUBCON Basin. 03497_ Acquired Sub. Shrapnel Launcher. 03583_ Subatomizers dissect the Flamer. 03586_ Acquired 20 matter. 03620_ Subatomizers dissect the Flamer. 03718_ JW-ERX(R) creaks and sparks as it begins to move. 03718_ RW-G0M(R) creaks and sparks as it begins to move. 03731_ Subatomizers dissect the Sub. Monowheel. 03742_ RW-G0M(R) destroyed. 03742_ Switching to secondary target: JW-ERX(R). 03751_ C3-LHB(R) affixes Scrap Shield Fragment to Scrap Shield. 03757_ C3-LHB(R) suffers critical hit (Destroy). 03758_ Sub. Machine Gun destroyed. 03761_ C3-LHB(R) destroyed. 03761_ Sub. Laser melted. 03761_ JW-ERX(R) destroyed. Map ----- +----------------------------------------------------+ | ## " ## ##?## ###########???? | | ### " ##?## ############??? | | ### ##?### #### ###??? | | ## ## ######## ### ##??? | | #### ## ######## ### ####? | | #### "### ##?## ### " ####? | | # " #### "## ##?### #### "" ### | | ## ###### ##?### #### """##" | | ############# ####??## ### """" | | # ## ## ####""" ####??### ### """ | | # ##????### # # ### ##"" | | ? #####?????## ## ## ### ? | | ## #######?????## #### ## ?? | | ## [## ####?????##### # #### ##??? | | ### ###????###### # ####### ##??? | | ### ##???#### ## ## ######## ###??? | | ## ######## # ####???## ####??? | | ####### ###????######???? | | ## ## ##?????#####????? | | && #####????????????? | | ## ## ##%!& ########???????????? | | ###### ###%### ## #### ###???????????? | | ###### ###=[#### ### #### ##???????????? | | ### ### [ ##!! ## ##???????????? | | # ##### &=%[ ###???????????? | | # ##### # ### [&%%@ ## #####????????????? | | ##### ###### !*;;###########????????????? | | ## #### ##### =##################???????? | | #### ### ##### #### ######### #####???? | | #### ### ####### ## ## ###?? | | ??### ## ####?### #?? | | ??### ## ####?### ## #?? | | ??## ### ###??## # ### #?? | | ##### ### ##???## # # ########## #?? | | ###### ## #####?## # ###???????### #?? | | # # # #####?### ## ###?????????# ##?? | | ## ###### ### # ##?????????####??? | | #### ###### #### ##???????????????? | | ## #### # # # ### ##???????????????? | | ########### ## ## ###???????????????? | | ########## ###& ###???????????????? | | ### ##### # ## # ##????##########??? | | # ## "" # # #""" "##????##########??? | | "" ## ##????##""""""##??? | | "" ###? &"##????##"X""""##??? | | # "" ## #### #?????##" ][]##??? | | ## "" #########"####?????##"][[[*##??? | | ## "" " ####### ###???????##""""*"##??? | | ### """"" ###### ###??????######=###??? | | ###########"" ####?????####""!"##??? | +----------------------------------------------------+ Best States ------------- Heat Dissipation 25 Energy Generation 15 Energy Capacity 250 Matter Stores 300 Matter Capacity 300 Sight Range 16 Terrain Scan Density 10 Armor Coverage 150 Evasion (%) 55 Recoil Reduction 2 Item Schematics ----------------- None Robot Schematics ------------------ None Fabricated ------------ Nothing Repaired ---------- Nothing Alien Tech Used ----------------- None Achievements -------------- None Challenges ------------ None Game ------ Seed FocalLightningPlating Manual? 0 Play Time 00:19:11 Cumulative 490.4 hours Start 2025.05.27 @ 04:52:43 End 2025.05.27 @ 05:12:16 Sessions 1 Manual Loads 0 Difficulty Rogue Special Mode None Game No. 542 Rogue 542 Adventurer 0 Explorer 0 Win Type - Total 14 Types 9/0/4/1/0/0/0/0/0/0 Lore% 73 Gallery% 79 Achievement% 82 Wizard Run 0 Options --------- Layout 0 ASCII 0 Keyboard 0 Movement Numpad Keybinds 0 Fullscreen 1 Font 18/SmallcapsGlow Map View 76x50 Zoom Use 0% Tactical HUD 1 Map Filters NONE Filters NONE Steam 1 RUN: cb0eeab5-ab13-4182-955b-ec00a452a560